 Dungeon Crawl Stone Soup version 0.30.1-4-g462c640d31 (webtiles) character file.

Game seed: 6555331696400842152

211420 Peloso the Minotaur Blade (level 18, 0/176 (182) HPs)
             Began as a Minotaur Fighter on Aug 15, 2023.
             Was the Champion of Okawaru.
             Slain by a deep elf blademaster
             ... wielding a +0 rapier
              (7 damage)
             ... on level 3 of the Elven Halls.
             The game lasted 01:42:38 (33863 turns).

Peloso the Minotaur Blade (Minotaur Fighter)       Turns: 33863, Time: 01:42:40

HP:   0/176 (182)   AC: 30    Str: 30    XL:     18   Next: 59%
MP:   16/18         EV: 15    Int:  5    God:    Okawaru [******]
Gold: 313           SH: 10    Dex: 17    Spells: 17/17 levels left

rFire   + . .        a - +10 double sword "Ubbefaz" {freeze, rElec Str+3}
rCold   + + .        Y - +0 buckler of Pan-Flutes {*Corrode rElec Regen+ Stlth+}
rNeg    . . .        Z - +0 plate armour "Aseuceylye" {rF- Will+++ Regen+ Stlth+}
rPois   .            e - +1 hat "Dafiud" {Will+ Str+2}
rElec   +            L - scarf {rC+ rF+}
rCorr   +            o - +2 pair of gloves of Solemn Freedom {rC+ rCorr}
SInv    .            R - +3 pair of seven-league boots {Rampage+∞}
Will    +++++        F - amulet of regeneration
Stlth   ++           C - ring of protection from fire
HPRegen 2.89/turn    j - ring of Xoymyrph {rCorr Dex+3}
MPRegen 0.16/turn

%: corrode self (3%), rampage+∞
@: about to teleport, heroic, lightly drained
A: horns 2, retaliatory headbutt
a: Renounce Religion, Heroism, Finesse, Duel


You were on level 3 of the Elven Halls.
You worshipped Okawaru.
Okawaru was exalted by your worship.
You visited 6 branches of the dungeon, and saw 29 of its levels.
You visited 1 bazaar.
You also visited: Desolation.

You collected 3129 gold pieces.
You spent 2816 gold pieces at shops.

Inventory:

Hand Weapons
 a - the +10 double sword "Ubbefaz" (weapon) {freeze, rElec Str+3}
   (Okawaru gifted it to you on level 1 of the Orcish Mines)

   Str:       It affects your strength (+3).
   rElec:     It insulates you from electricity.
 b - the +8 long sword of Ram Boud {flame, +Blink MP-9 Int+3 SInv}
   (You found it in the Desolation of Salt)

   Int:       It affects your intelligence (+3).
   MP:        It affects your magic capacity (-9).
   SInv:      It lets you see invisible.
   +Blink:    It lets you blink.
 c - a +4 scimitar of flaming
Armour
 d - a +2 tower shield of protection
 e - the +1 hat "Dafiud" (worn) {Will+ Str+2}
   (Okawaru gifted it to you on level 2 of the Orcish Mines)

   Str:       It affects your strength (+2).
   Will:      It increases your willpower.
 k - +2 gold dragon scales
 l - the +6 plate armour "Mutall" {rPois rC+}
   (You bought it in a shop in a bazaar)

   rC:        It protects you from cold.
   rPois:     It protects you from poison.
 o - the +2 pair of gloves of Solemn Freedom (worn) {rC+ rCorr}
   (Okawaru gifted it to you on level 15 of the Dungeon)

   rC:        It protects you from cold.
   rCorr:     It protects you from acid and corrosion.
 t - the +8 plate armour of Absence {rCorr}
   (You bought it in a shop in a bazaar)

   rCorr:     It protects you from acid and corrosion.
 L - a scarf of resistance (worn)
 N - a +0 kite shield of reflection
 R - the +3 pair of seven-league boots (worn) {Rampage+∞}
   (You found it on level 12 of the Dungeon)

   Rampage+∞: When moving toward enemies, its wearer moves as far as possible,
   alerting their target en route.
 Y - the +0 buckler of Pan-Flutes (worn) {*Corrode rElec Regen+ Stlth+}
   (You bought it in a shop on level 9 of the Dungeon)

   rElec:     It insulates you from electricity.
   Regen:     It increases your rate of health regeneration.
   *Corrode:  It may corrode you when you take damage.
   Stlth:     It makes you more stealthy.
 Z - the +0 plate armour "Aseuceylye" (worn) {rF- Will+++ Regen+ Stlth+}
   (Okawaru gifted it to you on level 1 of the Snake Pit)

   rF:        It makes you vulnerable to fire.
   Regen:     It increases your rate of health regeneration.
   Will:      It greatly increases your willpower.
   Stlth:     It makes you more stealthy.
Jewellery
 i - a ring of ice
 j - the ring of Xoymyrph (right hand) {rCorr Dex+3}
   (You found it in the Desolation of Salt)

   [ring of resist corrosion]

   Dex:       It affects your dexterity (+3).
   rCorr:     It protects you from acid and corrosion.
 q - a ring of wizardry
 C - a ring of protection from fire (left hand)
 F - an amulet of regeneration (around neck)
 T - a ring of see invisible
Wands
 y - a wand of paralysis (7)
Scrolls
 f - 4 scrolls of amnesia
 g - 5 scrolls of teleportation
 h - 2 scrolls of magic mapping
 m - 5 scrolls of poison
 p - 2 scrolls of blinking
 s - 2 scrolls of fear
 H - 6 scrolls of immolation
 X - 9 scrolls of identify
Potions
 n - 6 potions of curing
 r - 7 potions of haste
 u - 5 potions of brilliance
 v - 2 potions of resistance
 w - a potion of ambrosia
 x - 4 potions of mutation
 z - 3 potions of lignification
 A - a potion of invisibility
 B - a potion of flight
 G - 3 potions of cancellation
 K - 3 potions of magic
 S - 2 potions of might
Miscellaneous
 I - a tin of tremorstones (2/2)
 J - a phial of floods
 U - a box of beasts


   Skills:
 + Level 21.0(26.0) Fighting
 + Level 22.0(27) Long Blades
 + Level 18.6(23.6) Armour
 + Level 6.8(11.8) Dodging
 + Level 4.1(9.1) Stealth
 + Level 18.6(23.6) Shields
 + Level 2.1 Invocations
 + Level 0.6 Evocations


You had 17 spell levels left.
You didn't know any spells.
Your spell library contained the following spells:

 Spells                   Type           Power      Damage    Failure   Level
 Apportation              Tloc           0%         N/A       87%         1
 Necrotise                Necr           0%         1d4       87%         1
 Shock                    Conj/Air       0%         1d3       87%         1
 Slow                     Hex            0%         N/A       87%         1
 Sting                    Tmut/Pois      0%         1d3       87%         1
 Blink                    Tloc           0%         N/A       95%         2
 Ensorcelled Hibernation  Hex/Ice        0%         N/A       95%         2
 Lesser Beckoning         Tloc           0%         N/A       95%         2
 Momentum Strike          Conj/Tloc      0%         3d8       95%         2
 Passwall                 Tmut/Erth      0%         N/A       95%         2
 Poisonous Vapours        Pois/Air       0%         N/A       95%         2
 Dazzling Flash           Conj/Hex       0%         N/A       99%         3
 Gell's Gravitas          Tloc           0%         N/A       99%         3
 Ignite Poison            Fire/Tmut/Pois 0%         N/A       99%         3
 Inner Flame              Hex/Fire       0%         N/A       99%         3
 Spider Form              Tmut/Pois      0%         N/A       99%         3
 Swiftness                Air            0%         N/A       99%         3
 Teleport Other           Tloc           0%         N/A       99%         3
 Vampiric Draining        Necr           0%         2d6       99%         3
 Olgreb's Toxic Radiance  Pois           0%         N/A       100%        4
 Sticky Flame             Conj/Fire      0%         2d3       100%        4
 Agony                    Necr           0%         N/A       100%        5
 Alistair's Intoxication  Tmut/Pois      0%         N/A       100%        5
 Blade Hands              Tmut           0%         N/A       100%        5
 Borgnjor's Vile Clutch   Necr/Erth      0%         N/A       100%        5
 Freezing Cloud           Conj/Ice/Air   0%         6-21      100%        5
 Irradiate                Conj/Tmut      0%         3d11      100%        5
 Silence                  Hex/Air        0%         N/A       100%        5
 Yara's Violent Unravell  Hex/Tmut       0%         3d3       100%        5
 Eringya's Noxious Bog    Tmut/Pois      0%         N/A       100%        6
 Statue Form              Tmut/Erth      0%         N/A       100%        6
 Dragon Form              Tmut           0%         N/A       100%        7
 Enfeeble                 Hex            0%         N/A       100%        7
 Storm Form               Tmut/Air       0%         N/A       100%        7
 Ignition                 Fire           0%         3d3       100%        8
 Lehudib's Crystal Spear  Conj/Erth      0%         10d2      100%        8
 Maxwell's Capacitive Co  Air            0%         ∞         100%        8
 Shatter                  Erth           0%         3d5*      100%        9
 Summon Small Mammal      Summ           Unusable   N/A       N/A         1
 Call Canine Familiar     Summ           Unusable   N/A       N/A         3
 Animate Dead             Necr           Unusable   N/A       N/A         4
 Summon Ice Beast         Ice/Summ       Unusable   N/A       N/A         4
 Summon Lightning Spire   Summ/Air       Unusable   N/A       N/A         4
 Haunt                    Necr/Summ      Unusable   N/A       N/A         7
 Infestation              Necr           Unusable   N/A       N/A         8

Dungeon Overview and Level Annotations

Branches:
Dungeon (15/15)            Temple (1/1) D:6            Lair (5/5) D:10
  Swamp (0/4) Lair:2        Snake (3/4) Lair:2        Slime (0/5) Lair:5
    Orc (2/2) D:10            Elf (3/3) Orc:2        Vaults (0/5) D:14
 Depths (0/4) D:15        Desolation (visited)

Altars:
Ashenzari
Cheibriados
Dithmenos
Fedhas
Gozag
Hepliaklqana
Kikubaaqudgha
Nemelex Xobeh
Okawaru
Qazlal
Ru
Sif Muna
Trog
Uskayaw
Vehumet
Wu Jian
Xom
Zin
The Shining One
Jiyva

Shops:
D:8 :   D:9 [   Orc:2 *[[=?   Elf:1 [[(

Annotations:
D:8 Dig
D:12 1 runed translucent door, shamsi's ghost, journeyman HOBe
Snake:2 Casa
Snake:3 1 transporter


Innate Abilities, Weirdness & Mutations

You have a pair of horns on your head.
You reflexively headbutt those who attack you in melee.


Message History

Okay, then.
You cut the deep elf high priest into ribbons!!!
You freeze the deep elf high priest.
You kill the deep elf high priest!
Okawaru accepts your kill.
You block the deep elf blademaster's attack.
The deep elf blademaster closely misses you.
The fire elemental hits you. The fire elemental burns you! You resist.
* * * LOW HITPOINT WARNING * * *
You slice the deep elf blademaster!! You freeze the deep elf blademaster.
You headbutt the deep elf blademaster!
The deep elf blademaster is heavily wounded.
The deep elf blademaster completely misses you.
You block the deep elf blademaster's attack.
The fire elemental hits you. The fire elemental burns you! You resist.
* * * LOW HITPOINT WARNING * * *
You feel better.
Your surroundings seem slightly different.
Unknown command.
As you read the scroll of teleportation, it crumbles to dust.
You feel strangely unstable.
You gain the combat prowess of a mighty hero.
The fire elemental disappears in a puff of smoke!
The deep elf blademaster hits you but does no damage.
The deep elf blademaster hits you with a +0 rapier.
* * * LOW HITPOINT WARNING * * *
The deep elf blademaster hits you with a +0 rapier!!
* * * LOW HITPOINT WARNING * * *
The deep elf blademaster hits you with a +0 rapier.
* * * LOW HITPOINT WARNING * * *
You feel better.
The deep elf blademaster hits you but does no damage. x2
A deep elf zephyrmancer comes into view.
It is wielding a +0 short sword.
You feel better.
The deep elf blademaster hits you with a +0 rapier!
* * * LOW HITPOINT WARNING * * *
The deep elf blademaster hits you with a +0 rapier.
* * * LOW HITPOINT WARNING * * *
The deep elf blademaster hits you with a +0 rapier!
You die...

##########
####...@....###
#......e.......
...............
...............
......)..⌠.....
......)........
e..............
.######..######
#...≈≈°.≈≈...##


You could see a deep elf blademaster and a deep elf zephyrmancer.

Vanquished Creatures
  Rupert (D:13)
  Donald (Snake:1)
  Roxanne (Elf:2)
  The ghost of Hank the Protected, a journeyman MiFi of Okawaru (Orc:2)
  2 deep elf sorcerers (Elf:3)
  4 deep elf elementalists (Elf:3)
  An orc warlord (D:15)
  An imperial myrmidon (Desolation)
  2 deep elf demonologists (Elf:3)
  2 deep elf annihilators (Elf:3)
  2 halazid warlocks (Desolation)
  A dire elephant (D:15)
  2 crystal guardians (Desolation)
  9 ragged hierophants (Desolation)
  Snorg (Lair:4)
  2 deep elf high priests (Elf:3)
  5 deep elf death magi
  A great orb of eyes (D:15)
  4 vault guards (D:14)
  A rakshasa (D:12)
  A servant of whispers (Elf:1)
  3 hydras
  7 boulder beetles
  8 peacekeepers (Desolation)
  4 centaur warriors
  A catoblepas (D:14)
  A death knight (D:15)
  Erica (D:9)
  A two-headed ogre (Orc:1)
  5 anacondas
  2 tengu warriors
  23 dancing weapons
  9 naga warriors
  13 death yaks
  5 shock serpents
  3 naga sharpshooters
  2 orc high priests (Elf:1)
  27 deep elf knights
  2 salamander mystics (Snake:3)
  A skyshark (Lair:5)
  Lodul (D:10)
  3 bog bodies (Lair:2)
  2 sea snakes (Snake:1)
  4 naga ritualists
  A phantasmal warrior (D:12)
  25 deep elf archers
  32 deep elf zephyrmancers
  Pikel (D:7)
  11 mana vipers
  8 orc sorcerers
  28 deep elf pyromancers
  5 ironbound convokers (Desolation)
  9 orc knights
  A harpy (D:15)
  7 ugly things
  2 manticores
  8 salamanders
  A wolf spider (D:15)
  3 cyclopes
  7 guardian serpents
  11 elephants
  Joseph (D:7)
  An eye of devastation (Lair:5)
  A torpor snail (Lair:1)
  24 black mambas
  Maggie (D:7)
  9 naga magi
  22 cane toads
  4 gargoyles
  2 rime drakes
  A freezing wraith (D:15)
  An unseen horror (D:10)
  A rime drake (shapeshifter) (Elf:2)
  An efreet (D:15)
  9 komodo dragons
  A merfolk (D:15)
  4 trolls
  3 tyrant leeches (Lair:5)
  2 polar bears
  9 dream sheep
  48 saltlings
  A wolf spider simulacrum (D:15)
  A hornet (D:8)
  29 blink frogs
  4 air elementals
  A culicivora (shapeshifter) (D:15)
  5 slime creatures (D:15)
  5 wraiths
  Sigmund (D:2)
  A spriggan (shapeshifter) (D:15)
  4 water elementals
  39 yaks
  7 humans (D:14)
  A wyvern (D:9)
  6 basilisks
  A human (shapeshifter) (D:14)
  5 neqoxecs (Orc:2)
  2 fire elementals (Elf:1)
  15 vampire mosquitoes
  A swamp worm (Lair:2)
  25 nagas
  5 wargs
  A floating eye (Lair:5)
  38 orc warriors
  10 water moccasins
  A sky beast (D:6)
  4 black bears
  An ice beast (D:8)
  6 wolves
  10 ogres
  4 centaurs (D:13)
  2 phantoms
  A kobold brigand (D:9)
  3 earth elementals
  15 bullfrogs
  A gnoll sergeant (D:9)
  5 scorpions
  13 wights
  10 killer bees
  3 electric eels
  5 howler monkeys
  3 quasits (Orc:2)
  4 gnoll boudas
  3 hounds
  3 jellies (D:5)
  17 orc priests
  A sleepcap (D:7)
  2 iguanas
  18 hell rats
  18 orc wizards
  Terence (D:2)
  Robin (D:3)
  16 adders
  33 gnolls
  2 shadow imps
  2 white imps
  An ufetubus (D:5)
  2 worms
  4 dart slugs
  89 orcs
  3 bats
  4 endoplasms (D:2)
  4 giant cockroaches
  13 goblins
  15 hobgoblins
  11 jackals
  A quokka (D:3)
  5 ball pythons
  2 frilled lizards (D:2)
  12 kobolds
  4 rats
1064 creatures vanquished.

Vanquished Creatures (others)
  4 deep elf knights
  A deep elf archer (Elf:1)
  A deep elf zephyrmancer (Elf:1)
  A deep elf pyromancer (Elf:3)
  A human (D:14)
  An orc priest (D:11)
  An orc (D:11)
10 creatures vanquished.

Grand Total: 1074 creatures vanquished

Notes
Turn   | Place    | Note
-------+----------+-------------------------------------------
     0 | D:1      | Peloso the Minotaur Fighter began the quest for the Orb.
     0 | D:1      | Reached XP level 1. HP: 19/19 MP: 0/0
   243 | D:1      | Reached XP level 2. HP: 27/27 MP: 1/1
   479 | D:1      | Reached XP level 3. HP: 29/33 MP: 2/2
   983 | D:2      | Noticed Sigmund
   993 | D:2      | Killed Sigmund
   994 | D:2      | Reached skill level 4 in Long Blades
   994 | D:2      | Reached skill level 1 in Dodging
   994 | D:2      | Reached XP level 4. HP: 13/41 MP: 3/3
   994 | D:2      | Reached XP level 5. HP: 15/47 MP: 4/4
  1243 | D:2      | Noticed Terence
  1248 | D:2      | Killed Terence
  1743 | D:3      | Found a blossoming altar of Fedhas.
  1837 | D:2      | Reached XP level 6. HP: 50/53 MP: 5/5
  1857 | D:3      | Reached skill level 5 in Armour
  1928 | D:3      | Noticed Robin
  2124 | D:2      | Reached skill level 5 in Long Blades
  2136 | D:3      | Killed Robin
  2199 | D:3      | Reached skill level 5 in Shields
  2321 | D:3      | Identified the +1 leather armour of Migag {Rampage Int+2}
  2673 | D:4      | You fall into a shaft and drop 2 floors!
  2688 | D:6      | Reached skill level 5 in Fighting
  2699 | D:6      | Reached XP level 7. HP: 57/61 MP: 6/6
  2707 | D:6      | Reached skill level 6 in Long Blades
  2764 | D:5      | Entered Level 5 of the Dungeon
  3122 | D:5      | Reached skill level 7 in Long Blades
  3157 | D:5      | Reached XP level 8. HP: 64/70 MP: 7/7
  4131 | D:5      | Reached skill level 8 in Long Blades
  4159 | D:5      | Reached skill level 1 in Stealth
  4577 | D:6      | Found a hazy altar of Hepliaklqana.
  4590 | D:6      | Reached skill level 9 in Long Blades
  4744 | D:6      | Found a staircase to the Ecumenical Temple.
  4749 | Temple   | Entered the Ecumenical Temple
  4796 | Temple   | Became a worshipper of Warmaster Okawaru
  5689 | D:7      | Noticed Pikel
  5715 | D:7      | Killed Pikel
  5716 | D:7      | Reached XP level 9. HP: 55/78 MP: 8/8
  5790 | D:7      | Reached * piety under Okawaru
  5800 | D:7      | Noticed Maggie
  5817 | D:7      | Killed Maggie
  5818 | D:7      | Reached skill level 10 in Long Blades
  5840 | D:7      | Noticed Joseph
  5975 | D:7      | Killed Joseph
  6070 | D:6      | Reached ** piety under Okawaru
  6154 | D:6      | Reached XP level 10. HP: 42/90 MP: 9/9
  6704 | D:7      | Found an ornate altar of the Wu Jian Council.
  7075 | D:8      | Reached skill level 11 in Long Blades
  7308 | D:8      | Identified the +6 mace of Perfectionism {holy, rC+ Will+
                  | Str-5 SInv}
  7328 | D:8      | Reached *** piety under Okawaru
  7389 | D:8      | Found Vojax's Tiny Tomes.
  7935 | D:9      | Received a gift from Okawaru
  7937 | D:9      | Noticed Erica
  8060 | D:9      | Killed Erica
  8183 | D:9      | Found a shimmering altar of Xom.
  8183 | D:9      | Found a snail-covered altar of Cheibriados.
  8184 | D:9      | Found a glowing silver altar of Zin.
  8391 | D:9      | Reached skill level 10 in Fighting
  8733 | D:9      | Found Qokaw's Armour Shop.
  8995 | D:10     | Entered Level 10 of the Dungeon
  9034 | D:10     | Reached **** piety under Okawaru
  9128 | D:10     | Found a staircase to the Lair.
  9140 | D:10     | Found a hide-covered altar of Uskayaw.
  9140 | D:10     | Noticed a +0 hand axe
  9140 | D:10     | Noticed a +0 dagger
  9233 | D:10     | Reached skill level 12 in Long Blades
  9342 | D:10     | Noticed Lodul
  9351 | D:10     | Killed Lodul
  9351 | D:10     | Reached ***** piety under Okawaru
  9352 | D:10     | Reached XP level 11. HP: 91/101 MP: 7/10
  9381 | D:10     | Reached skill level 10 in Armour
  9932 | D:10     | Found a staircase to the Orcish Mines.
 10338 | D:10     | Reached skill level 13 in Long Blades
 10653 | Lair:1   | Entered Level 1 of the Lair of Beasts
 11417 | Lair:1   | Reached ****** piety under Okawaru
 11638 | Lair:1   | Identified the +2 ring mail of Yppegufo {Str+5}
 11930 | Lair:2   | Reached skill level 14 in Long Blades
 11967 | Lair:2   | Reached skill level 5 in Dodging
 12122 | Lair:1   | Identified the +8 crystal plate armour of Dauhi {Str+7}
                  | (Okawaru gifted it to you on level 1 of the Lair of Beasts)
 12122 | Lair:1   | Received a gift from Okawaru
 12123 | Lair:1   | Reached XP level 12. HP: 17/110 MP: 8/11
 12532 | Lair:2   | Noticed a death yak
 12556 | Lair:2   | Noticed a death yak
 12575 | Lair:2   | Noticed a death yak
 12589 | Lair:2   | Killed a death yak
 12666 | Lair:2   | Found an ornate altar of the Wu Jian Council.
 12667 | Lair:2   | Noticed a boulder beetle
 12677 | Lair:2   | Found a hide-covered altar of Uskayaw.
 12689 | Lair:2   | Killed a boulder beetle
 12884 | Lair:2   | Reached skill level 1 in Invocations
 12997 | Lair:2   | Found a staircase to the Swamp.
 13257 | Lair:2   | Found a staircase to the Snake Pit.
 13269 | Lair:2   | Reached skill level 10 in Shields
 13842 | Lair:3   | Killed a death yak
 13843 | Lair:3   | Reached skill level 15 in Long Blades
 13857 | Lair:3   | Killed a death yak
 14044 | Lair:3   | Noticed a six-headed hydra
 14056 | Lair:3   | Killed a two-headed hydra
 14067 | Lair:3   | Received a gift from Okawaru
 14674 | D:9      | Bought the +8 chain mail of the Accordion {rElec rC+ rN+
                  | SInv} for 960 gold pieces
 14967 | D:11     | Reached XP level 13. HP: 86/119 MP: 13/13
 15857 | D:12     | Found a runed translucent door.
 15857 | D:12     | Found a shimmering altar of Xom.
 15857 | D:12     | Noticed shamsi's ghost (journeyman HOBe)
 15999 | D:12     | Found the +3 pair of seven-league boots {Rampage+∞}
 16566 | Orc:1    | Entered Level 1 of the Orcish Mines
 16650 | Orc:1    | Paralysed by an orc sorcerer for 4 turns
 16690 | Orc:1    | Identified the +10 double sword "Ubbefaz" {freeze, rElec
                  | Str+3} (Okawaru gifted it to you on level 1 of the Orcish
                  | Mines)
 16690 | Orc:1    | Received a gift from Okawaru
 16801 | Orc:1    | You fall into a shaft and drop 1 floor!
 16801 | Orc:2    | Entered Level 2 of the Orcish Mines
 16878 | Orc:2    | Found a transporter.
 16963 | Orc:2    | Reached skill level 16 in Long Blades
 17032 | Orc:2    | Found Akyhif's Magic Scroll Shop.
 17069 | Orc:2    | Found Gainup's Jewellery Emporium.
 17127 | Orc:2    | Bought a scroll of amnesia for 56 gold pieces
 17127 | Orc:2    | Bought a scroll of poison for 56 gold pieces
 17127 | Orc:2    | Bought a scroll of identify for 28 gold pieces
 17127 | Orc:2    | Bought a scroll of identify for 28 gold pieces
 17236 | Orc:2    | Found Keops's Armour Shop.
 17236 | Orc:2    | Found Cyohez's Antique Armour Emporium.
 17358 | Orc:2    | Noticed Hank's ghost (journeyman MiFi)
 17365 | Orc:2    | Found a transporter.
 17395 | Orc:2    | Found a staircase to the Elven Halls.
 17418 | Orc:2    | Identified the +1 hat "Dafiud" {Will+ Str+2} (Okawaru
                  | gifted it to you on level 2 of the Orcish Mines)
 17418 | Orc:2    | Received a gift from Okawaru
 17511 | Orc:2    | Found Taihojach's Assorted Antiques.
 18514 | Lair:4   | Reached XP level 14. HP: 115/133 MP: 14/14
 18877 | Lair:5   | Entered Level 5 of the Lair of Beasts
 18877 | Lair:5   | Noticed Snorg
 18894 | Lair:4   | Killed Snorg
 18900 | Lair:4   | Reached skill level 15 in Fighting
 19026 | Lair:5   | Reached skill level 17 in Long Blades
 19216 | Lair:5   | Received a gift from Okawaru
 19315 | Lair:5   | Identified the +1 robe "Qoqun" {rElec rF- rN+ Dex+4}
 19595 | Lair:5   | Reached skill level 15 in Armour
 19607 | Lair:5   | Found a staircase to the Slime Pits.
 19607 | Lair:5   | Found a viscous altar of Jiyva.
 20753 | D:13     | Identified the +2 pair of gloves of the Equinox {Str-5
                  | Int+4} (Okawaru gifted it to you on level 13 of the
                  | Dungeon)
 20753 | D:13     | Received a gift from Okawaru
 20937 | D:13     | Noticed Rupert
 20938 | D:13     | Paralysed by Rupert for 5 turns
 20950 | D:13     | Killed Rupert
 20951 | D:13     | Reached XP level 15. HP: 39/145 MP: 13/15
 21335 | D:13     | Reached skill level 18 in Long Blades
 22073 | D:14     | Found a gate to the Vaults.
 22280 | D:15     | Entered Level 15 of the Dungeon
 22487 | D:15     | Found a staircase to the Depths.
 22861 | D:15     | Got Buasocin's Enchiridion on Transformed Bedrock
 22918 | D:15     | Identified the +2 pair of gloves of Solemn Freedom {rC+
                  | rCorr} (Okawaru gifted it to you on level 15 of the
                  | Dungeon)
 22918 | D:15     | Received a gift from Okawaru
 23567 | Elf:1    | Entered Level 1 of the Elven Halls
 23606 | Elf:1    | Reached skill level 19 in Long Blades
 23638 | Elf:1    | Found Rosieklo's Antique Weapon Emporium.
 23675 | Elf:1    | Found a crumbling gateway.
 23693 | Desolati | Entered the Desolation of Salt
 24391 | Desolati | Noticed an imperial myrmidon
 24401 | Desolati | Killed an imperial myrmidon
 24406 | Desolati | Reached XP level 16. HP: 125/157 MP: 14/16
 24565 | Desolati | Received a gift from Okawaru
 25366 | Desolati | Found the +4 moon troll leather armour {Spirit, Regen++
                  | MP+5}
 25621 | Desolati | Reached skill level 15 in Shields
 25729 | Desolati | Identified the ring of Xoymyrph {rCorr Dex+3}
 25848 | Desolati | Identified the +8 long sword of Ram Boud {flame, +Blink
                  | MP-9 Int+3 SInv}
 25856 | Desolati | Identified the staff of death "Quosocho" {rF+ rN+}
 25859 | Desolati | Identified the +2 hand axe of Famine {venom, Contam rC+
                  | Str+3 SInv}
 25869 | Desolati | Got the Volume of Frosty Lightning
 25916 | Desolati | Got the Octavo of Allied Misfortune
 26045 | Elf:1    | Paralysed by an air elemental for 1 turns
 26062 | Elf:1    | Paralysed by an air elemental for 1 turns
 26067 | Elf:1    | Paralysed by an air elemental for 1 turns
 26071 | Elf:1    | Paralysed by an air elemental for 1 turns
 26080 | Elf:1    | Paralysed by an air elemental for 1 turns
 26105 | Elf:1    | Reached skill level 20 in Long Blades
 26703 | Elf:1    | Found Nukeeh's Armour Shoppe.
 26717 | Elf:1    | Found Zurihiugh's Armour Emporium.
 26789 | Elf:1    | You fall into a shaft and drop 1 floor!
 26793 | Elf:2    | Received a gift from Okawaru
 26876 | Elf:2    | Found a runed translucent gate.
 27022 | Elf:2    | Found a runed translucent gate.
 27023 | Elf:2    | Found a runed translucent gate.
 27043 | Elf:2    | Reached XP level 17. HP: 167/168 MP: 17/17
 27494 | Elf:2    | Received a gift from Okawaru
 27590 | Elf:2    | Identified Roxanne's Compendium of the Xenolith
 27590 | Elf:2    | Noticed Roxanne
 27604 | Elf:2    | Killed Roxanne
 28149 | Elf:1    | Identified the +3 whip of Defenestration {heavy, Dex+3}
 28337 | Elf:1    | Paralysed by an air elemental for 1 turns
 28667 | Orc:2    | Killed Hank's ghost
 28928 | Snake:1  | Entered Level 1 of the Snake Pit
 28949 | Snake:1  | Reached skill level 21 in Long Blades
 29054 | D:9      | Bought the +0 buckler of Pan-Flutes {*Corrode rElec Regen+
                  | Stlth+} for 204 gold pieces
 29209 | Snake:1  | Identified the +0 plate armour "Aseuceylye" {rF- Will+++
                  | Regen+ Stlth+} (Okawaru gifted it to you on level 1 of the
                  | Snake Pit)
 29209 | Snake:1  | Received a gift from Okawaru
 29297 | Snake:1  | Identified the +1 plate armour of Vidotaro {Str+5}
 29753 | Snake:1  | Noticed Donald
 29770 | Snake:1  | Killed Donald
 31680 | Snake:3  | Found a transporter.
 31689 | Snake:3  | Found a flickering gateway to a bazaar.
 31698 | Bazaar   | Entered a bazaar
 31698 | Bazaar   | Found Zag Itri's Book Shoppe.
 31698 | Bazaar   | Found Zescheosk's Assorted Antiques.
 31702 | Bazaar   | Found Ziakles's Assorted Antiques.
 31716 | Bazaar   | Found Yfynagh's Antique Armour Shoppe.
 31724 | Bazaar   | Bought a dazzling plate armour for 504 gold pieces
 31724 | Bazaar   | Identified the +6 plate armour "Mutall" {rPois rC+} (You
                  | bought it in a shop in a bazaar)
 31742 | Bazaar   | Bought a smoking plate armour for 980 gold pieces
 31742 | Bazaar   | Identified the +8 plate armour of Absence {rCorr} (You
                  | bought it in a shop in a bazaar)
 31877 | Snake:3  | Found a radiant altar of Vehumet.
 31902 | Snake:3  | Reached XP level 18. HP: 178/178 MP: 18/18
 32050 | Snake:3  | Received a gift from Okawaru
 33201 | Elf:3    | Entered Level 3 of the Elven Halls
 33587 | Elf:3    | Identified the +2 cloak of Peloso's Valiance {Rampage rElec
                  | Dex-3} (Okawaru gifted it to you on level 3 of the Elven
                  | Halls)
 33587 | Elf:3    | Received a gift from Okawaru
 33840 | Elf:3    | Identified the ring "Equwachu" {Str+2 Int+4 Dex+6}
 33842 | Elf:3    | Reached skill level 22 in Long Blades
 33861 | Elf:3    | HP: 7/176 [deep elf blademaster/+0 rapier (6)]
 33863 | Elf:3    | Slain by a deep elf blademaster

Illustrated notes

Levels and vault maps discovered:
D:1:      co_arrival_random_square_maze, layout_basic
D:2:      layout_loops_cross, minmay_between, uniq_terence, uniq_sigmund
D:3:      layout_rooms, fedhas_altar_1, uniq_robin
D:4:      layout_cave_pools, st_stairs_9
D:5:      minmay_bubble_buster, layout_basic
D:6:      layout_basic, nicolae_hepliaklqana_hazy_memory,
          minmay_temple_entry_nine_rooms
D:7:      layout_cave_pools, marbit_many_paths, uniq_maggie, uniq_pikel,
          uniq_joseph
D:8:      cheibrodos_quashed, layout_loops_ring,
          nicolae_concentric_dashed_squares_mild,
          nicolae_shop_i_like_small_books_too
D:9:      hellmonk_destroyed_diamonds, layout_irregular_city,
          gammafunk_temple_overflow_claw, serial_shops, shop, uniq_erica
D:10:     layout_gridville, dancing_weapons_uskayaw, lair_entry_dummy,
          erik_orc_3, chequers_mini_garden, uniq_lodul
D:11:     layout_loops_ring, nicolae_two_hexagons
D:12:     layout_loops_cross, ebering_ghost_xom,
          hellmonk_guarded_unrand_seven_league_boots
D:13:     layout_stronghold, uniq_rupert
D:14:     layout_rooms, ximxim_vaults_locker_room, minivault_4
D:15:     hangedman_depths_entry_try_elsewhere_first, layout_loops_cross,
          minmay_misc_feat_columns, minmay_evil_grid
Temple:   regret_index_temple_waves
Lair:1:   layout_small_grid, cheibrodos_lair_reptile_den, grunt_megastairs_3
Lair:2:   layout_cave_pods, nicolae_swamp_entry_splash_gauntlet,
          minmay_snake_entry_guardpost_small, minmay_holes,
          nzn_masters_of_martial_movement
Lair:3:   layout_loops_ring
Lair:4:   layout_small_grid, hangedman_lair_generics_rect
Lair:5:   minmay_lair_end_frog_pond, layout_long_grid, minmay_slime_entry_eyes,
          grunt_forest_stairs_basic, serial_bayou_pond_d,
          nicolae_lair_grazing_beasts [nicolae_sub_lair_graze_edge,
          nicolae_sub_lair_graze_edge, nicolae_sub_lair_graze_edge,
          nicolae_sub_lair_graze_edge], uniq_snorg
Snake:1:  layout_cave_pods, serial_bayou_lagoon_a, lemuel_fruit_tree,
          uniq_donald
Snake:2:  layout_cave_shapes
Snake:3:  gammafunk_sealed_library, layout_gridlike, serial_shops, freezing_bzr,
          special_room
Orc:1:    layout_caves
Orc:2:    st_orc_town, layout_caves, serial_shops,
          nicolae_shop_overgrown_old_shop, gammafunk_ghost_stat_death
Elf:1:    nicolae_elf_arrival_no_cutting_in_line, layout_loops_cross,
          serial_shops, shop, nicolae_shop_just_a_little_nook, shop_fountains,
          portal_desolation_entry_salt, evilmike_minifort
Elf:2:    elven_hall_of_blades_hangedman_original
          [nicolae_vaults_blade_armed_guards], layout_loops_ring,
          grunt_ministairs_13, uniq_roxanne
Elf:3:    elf_hall_gauntlet_wide, layout_geoelf_castle, serial_shops, shop,
          hangedman_elven_pyramids, uniq_bai_suzhen

Skill      XL: |  1  2  3  4  5  6  7  8  9 10 11 12 13 14 15 16 17 18 |
---------------+-------------------------------------------------------+-----
Fighting       | 4 5 6 8 10 11 12 14 16 18 19 20 21 | 21.0
Armour         | 4 5 6 7 8 9 11 13 14 15 17 18 | 18.6
Shields        | 4 5 6 7 8 10 11 13 14 16 18 | 18.6
Long Blades    | 4 5 7 9 10 12 14 15 16 17 19 20 21 22 | 22.0
Dodging        | 1 2 3 4 5 6 |  6.8
Stealth        | 1 2 3 4 |  4.1
Invocations    | 1 2 |  2.1
Evocations     | |  0.6

Action                     |  1- 3 |  4- 6 |  7- 9 | 10-12 | 13-15 | 16-18 || total
---------------------------+-------+-------+-------+-------+-------+-------++-------
  Melee: Long sword        |    54 |   155 |   333 |   173 |       |       ||   715
         Headbutt          |     6 |    26 |    77 |   190 |   295 |   276 ||   870
         Scimitar          |       |       |       |   623 |   225 |       ||   848
         Double sword      |       |       |       |       |   967 |  1148 ||  2115
 Invoke: Heroism           |       |       |     1 |     4 |     6 |     9 ||    20
  Evoke: Wand              |       |       |     2 |     2 |       |       ||     4
    Use: Potion            |     2 |     3 |       |     4 |     5 |    10 ||    24
         Scroll            |       |       |     8 |     6 |    12 |    19 ||    45
   Stab: Paralysed         |       |       |     8 |       |       |       ||     8
         Invisible         |       |       |       |       |       |    11 ||    11
 Armour: Scale mail        |    18 |    62 |       |       |       |       ||    80
         Chain mail        |       |    16 |   217 |   247 |   257 |       ||   737
         Crystal plate arm |       |       |       |   160 |   467 |   435 ||  1062
         Gold dragon scale |       |       |       |       |       |   177 ||   177
         Plate armour      |       |       |       |       |       |    64 ||    64
  Dodge: Dodged            |    29 |    95 |   143 |   292 |   455 |   329 ||  1343
  Block: Buckler           |    10 |    53 |   109 |   201 |   282 |   172 ||   827
         Kite shield       |       |       |       |       |   142 |    29 ||   171
         Tower shield      |       |       |       |       |       |   573 ||   573
